 Dungeon Crawl Stone Soup version 0.23-a0-582-g1b4a0ca (console) character file.

164 Duffy the Skirmisher (level 5, -9/28 HPs)
             Began as a Vine Stalker Fighter on Dec 16, 2018.
             Mangled by an ice beast (11 damage)
             ... on level 3 of the Dungeon.
             The game lasted 00:01:50 (1243 turns).

Duffy the Skirmisher (Vine Stalker Fighter)         Turns: 1243, Time: 00:01:50

Health: -9/28      AC:  6    Str: 20    XL:     5   Next: 45%
Magic:  0/6        EV:  7    Int:  8    God:
Gold:   85         SH:  9    Dex: 13    Spells: 4/4 levels left

rFire    . . .     SeeInvis .   a - +0 flail
rCold    . . .     Gourm    .   c - +0 shield
rNeg     . . .     Faith    .   b - +0 scale mail
rPois    .         Spirit   +   (no helmet)
rElec    .         Reflect  .   (no cloak)
rCorr    .         Harm     .   (no gloves)
MR       .....                  (no boots)
Stlth    ..........             (no amulet)
HPRegen  0.49/turn              (no ring)
MPRegen  0.10/turn              (no ring)

@: no status effects
A: fangs 2, regeneration 1, magic shield, antimagic bite, no potion heal 3, rot
immunity
a: no special abilities


You were on level 3 of the Dungeon.
You were not hungry.

You visited 1 branch of the dungeon, and saw 4 of its levels.

You collected 85 gold pieces.

Inventory:

Hand Weapons
 a - a +0 flail (weapon)
Missiles
 h - 6 curare-tipped needles
Armour
 b - a +0 scale mail (worn)
 c - a +0 shield (worn)
Scrolls
 e - a scroll of blinking {unknown}
 j - a scroll of magic mapping {unknown}
 n - 4 scrolls of identify {unknown}
 o - 2 scrolls of enchant armour {unknown}
 p - a scroll of enchant weapon {unknown}
Potions
 d - a potion of might
 g - a potion of brilliance {unknown}
 k - 2 potions of curing {unknown}
 l - a potion of heal wounds {unknown}
 m - 2 potions of degeneration {unknown}
Comestibles
 f - 4 rations
 i - 6 chunks of flesh


   Skills:
 + Level 3.4 Fighting
 * Level 3.4 Maces & Flails
 + Level 3.0 Armour
 + Level 3.3 Shields


You had 4 spell levels left.
You didn't know any spells.
Your spell library was empty.

Dungeon Overview and Level Annotations

Branches:
Dungeon (4/15)
 Temple: D:4-7

Altars:


Innate Abilities, Weirdness & Mutations

You have extremely sharp teeth.
Your natural rate of healing is unusually fast.
When hurt, damage is shared between your health and your magic reserves.
Your bite disrupts and absorbs the magic of your enemies.
Potions cannot restore your health.
You are immune to rotting.


Message History

You climb upwards.
There is a stone staircase leading down here.
You closely miss the adder. Your bite misses the adder.
You block the howler monkey's attack. The howler monkey closely misses you.
You block the jackal's attack. The ice beast hits you.
The ice beast freezes you. The adder barely misses you.
The orc hits you but does no damage.
The frilled lizard bites you but does no damage.
The howler monkey hits you.
The howler monkey hits you but does no damage.
You sock the adder! You bite the adder.
You kill the adder!
You block the jackal's attack.
The ice beast hits you but does no damage.
The howler monkey hits you but does no damage.
You block the orc's attack.
The frilled lizard bites you but does no damage.
The howler monkey hits you. You block the jackal's attack.
The ice beast hits you. The ice beast freezes you!
You die...

#.........# #####
#.........###....
##.###...#.....###
#..# ###........##
##.## ###....#..#
#..# ##.##.##[.
#####%###
#..##....#
##...#lY.##
#.######..
##....h@o..#####.#
##.
#.....hhh........#
#.
#..........)######
#. #...........#
#< ##.........##
## ##)..#...##
#########


You could see an ice beast, 2 howler monkeys, an orc, 2 jackals and a frilled
lizard.

Vanquished Creatures
  A hound (D:3)
  2 worker ants (D:3)
  4 adders
  An ooze (D:1)
  A dart slug (D:2)
  A leopard gecko (D:3)
  An orc (D:3)
  2 giant cockroaches (D:3)
  5 goblins
  4 hobgoblins
  9 jackals
  6 bats
  4 frilled lizards
  2 kobolds (D:2)
  A rat (D:1)
44 creatures vanquished.

Notes
Turn   | Place    | Note
-------+----------+-------------------------------------------
     0 | D:1      | Duffy the Vine Stalker Fighter began the quest for the Orb.
     0 | D:1      | Reached XP level 1. HP: 11/11 MP: 2/2
    71 | D:1      | Reached XP level 2. HP: 3/16 MP: 1/3
   559 | D:2      | Reached XP level 3. HP: 13/20 MP: 2/4
   863 | D:3      | Gained mutation: Your natural rate of healing is unusually
                  | fast. [Vine Stalker growth]
   863 | D:3      | Reached XP level 4. HP: 16/24 MP: 5/5
  1093 | D:4      | Noticed an ice beast
  1122 | D:3      | Reached XP level 5. HP: 10/28 MP: 3/6
  1243 | D:3      | Mangled by an ice beast

Vault maps used:
D:1:      co_arrival_square_in_a_square_in_a_square,
          chequers_serial_rivers_micro_e, minmay_unequal
D:4:      serial_shops, nicolae_shop_behind_doors, uniq_ijyb

Skill      XL: |  1  2  3  4 |
---------------+-------------+-----
Maces & Flails | 2 3 |  3.4
Fighting       | 3 |  3.4
Shields        | 3 |  3.3
Armour         | 3 |  3.0

Action                   |  1- 3 |  4- 6 || total
-------------------------+-------+-------++-------
Melee: Flail             |    73 |    56 ||   129
       Bite              |    20 |    20 ||    40
  Eat: Chunk             |       |     1 ||     1
Armor: Scale mail        |    31 |    43 ||    74
Dodge: Dodged            |    34 |    28 ||    62
Block: Shield            |    53 |    38 ||    91

Table legend:
 A = Non-vault XP
 B = Vault XP
 C = Vault XP percentage of total XP
 D = Non-vault monster count
 E = Vault monster count
 F = Vault count percentage of total count
                 A         B        C        D         E       F
            +---------+---------+-------+---------+---------+-------
      Total |     234 |       1 |   0.4 |      43 |       1 |   2.3
            +---------+---------+-------+---------+---------+-------
        D:1 |      15 |       1 |   6.2 |       6 |       1 |  14.3
        D:2 |      37 |       0 |   0.0 |      15 |       0 |   0.0
        D:3 |     182 |       0 |   0.0 |      22 |       0 |   0.0
            +---------+---------+-------+---------+---------+-------
